 Dungeon Crawl Stone Soup version 0.21.1-1-g345015fe64 (webtiles) character file.

1064 Kohma the Ruffian (level 8, 0/78 HPs)
             Began as a Troll Fighter on July 17, 2018.
             Was an Initiate of Trog.
             Slain by an orc
             ... wielding a +0 flail
              (9 damage)
             ... on level 6 of the Dungeon.
             The game lasted 00:12:43 (4616 turns).

Kohma the Ruffian (Troll Fighter)                   Turns: 4616, Time: 00:12:44

Health: 0/78       AC:  6    Str: 25    XL:     8   Next: 6%
Magic:  7/7        EV:  9    Int:  4    God:    Trog [......]
Gold:   299        SH: 11    Dex: 11    Spells: 7/7 levels left

rFire    . . .     SeeInvis .     - Unarmed
rCold    + . .     Gourm    +   b - +1 shield
rNeg     + . .     Faith    .   a - +0 robe
rPois    .         Spirit   .   (helmet restricted)
rElec    .         Reflect  .   o - +0 cloak
rCorr    .         Harm     .   (gloves unavailable)
MR       .....                  (boots unavailable)
Stlth    +.........             (no amulet)
HPRegen  0.63/turn              j - ring of protection from cold
MPRegen  0.10/turn              g - ring of positive energy

@: slowed, very slow
A: large, unfitting armour, claws 3, fast metabolism 3, gourmand, regeneration
1, shaggy fur 1, tough skin 2
a: Burn Spellbooks, Renounce Religion


You were on level 6 of the Dungeon.
You worshipped Trog.
Trog was noncommittal.
You were very full.

You visited 2 branches of the dungeon, and saw 7 of its levels.

You collected 299 gold pieces.

Inventory:

Missiles
 e - 144 stones (quivered)
Armour
 a - a +0 robe (worn)
 b - a +1 shield (worn)
 o - a +0 cloak (worn)
Jewellery
 g - a ring of positive energy (right claw)
 j - a ring of protection from cold (left claw)
 k - an uncursed amulet of rage
Scrolls
 f - a scroll of immolation
 n - a scroll of remove curse
 p - 2 scrolls of fear {unknown}
 s - a scroll of teleportation
Potions
 c - 2 potions of might
 i - 2 potions of degeneration
 l - a potion of haste
 m - 2 potions of curing
 q - a potion of lignification {unknown}
Comestibles
 d - 11 rations
 h - 5 chunks of flesh


   Skills:
 + Level 4.2 Fighting
 - Level 2.4 Dodging
 * Level 5.5 Shields
 * Level 6.2 Unarmed Combat


You had 7 spell levels left.
You didn't know any spells.

Dungeon Overview and Level Annotations

Branches:
Dungeon (6/15)             Temple (1/1) D:4

Altars:
Ashenzari
Cheibriados
Dithmenos
Elyvilon
Fedhas
Gozag
Hepliaklqana
Kikubaaqudgha
Makhleb
Nemelex Xobeh
Okawaru
Qazlal
Ru
Sif Muna
Trog
Uskayaw
Vehumet
Wu Jian
Xom
Yredelemnul
The Shining One

Shops:
D:4 !


Innate Abilities, Weirdness & Mutations

You are too large for most types of armour.
You have claws for hands.
Your metabolism is lightning-fast.
You like to eat raw meat.
Your natural rate of healing is unusually fast.
You are covered in fur. (AC +1)
You have very tough skin. (AC +2)


Message History

You kill the orc wizard!
Trog accepts your kill.
Trog appreciates your killing of a magic user.
The orc hits you but does no damage. The orc barely misses you.
The shadow imp hits you but does no damage.
You block the orc's attack.
You scratch the shadow imp.
The shadow imp is lightly wounded.
You block the orc's attack. x2
The shadow imp hits you but does no damage.
The orc hits you but does no damage.
The orc hits you with a flail of protection!
* * * LOW HITPOINT WARNING * * *
You scratch the shadow imp.
The shadow imp is heavily wounded.
The orc misses you. You block the shadow imp's attack.
The orc barely misses you. The orc completely misses you.
The shadow imp hits you but does no damage.
The orc hits you with a flail!
You die...

....### .⌠._.⌠.
......##..⌠.⌠..##.......
..[....##..⌠..+#........
#####'..## ##.........
#.#..## #..........
#####'#...###...........
...........#..#.........
...........#.+#o........
.........).....o@)......
...............5.o......
.................#......
.................#......
........>........# .....
.................# .....
.................+ .)..
.................# ....
...........####


You could see a shadow imp and 3 orcs.

Vanquished Creatures
  The ghost of kalosz4 the Chiller, a novice BaIE (D:4)
  The ghost of tensugalgo the Shield-Bearer, an amateur MiFi (D:3)
  An ogre (D:4)
  A centaur (D:6)
  Blork the orc (D:5)
  A crimson imp (D:6)
  An orc priest (D:6)
  A hound (D:4)
  4 orc wizards
  A bullfrog skeleton (D:4)
  An iguana (D:4)
  A worker ant (D:2)
  6 adders
  An ooze (D:1)
  An adder zombie (D:5)
  3 adder skeletons
  7 worms
  2 dart slugs
  5 leopard geckos
  12 orcs
  9 bats
  4 giant cockroaches
  10 goblins
  7 hobgoblins
  9 jackals
  11 kobolds
  A quokka (D:3)
  2 ball pythons
  7 frilled lizards
  A leopard gecko skeleton (D:5)
  6 rats
119 creatures vanquished.

Notes
Turn   | Place    | Note
-------+----------+-------------------------------------------
     0 | D:1      | Kohma the Troll Fighter began the quest for the Orb.
     0 | D:1      | Reached XP level 1. HP: 22/22 MP: 0/0
    80 | D:1      | Reached XP level 2. HP: 28/29 MP: 1/1
   599 | D:2      | Reached XP level 3. HP: 36/36 MP: 2/2
   976 | D:2      | Reached skill level 3 in Unarmed Combat
  1018 | D:2      | Reached XP level 4. HP: 40/44 MP: 3/3
  1825 | D:3      | Reached XP level 5. HP: 35/53 MP: 4/4
  2015 | D:3      | Noticed tensugalgo's ghost (amateur MiFi)
  2025 | D:3      | Killed tensugalgo's ghost
  2025 | D:3      | Reached skill level 4 in Unarmed Combat
  2160 | D:3      | Reached XP level 6. HP: 54/61 MP: 5/5
  2628 | D:4      | Found Xoanoj's Distillery.
  2653 | D:4      | Noticed kalosz4's ghost (novice BaIE)
  2673 | D:4      | Killed kalosz4's ghost
  2673 | D:4      | Reached skill level 5 in Unarmed Combat
  2673 | D:4      | Reached XP level 7. HP: 46/68 MP: 6/6
  2759 | D:4      | Reached skill level 5 in Shields
  3051 | D:4      | Found a staircase to the Ecumenical Temple.
  3063 | Temple   | Entered the Ecumenical Temple
  3202 | Temple   | Became a worshipper of Trog the Wrathful
  3402 | D:4      | Found a shimmering altar of Xom.
  3594 | D:5      | Entered Level 5 of the Dungeon
  3683 | D:5      | Noticed Blork the orc
  3697 | D:5      | Killed Blork the orc
  4212 | D:5      | Found a shimmering altar of Xom.
  4459 | D:6      | Reached skill level 6 in Unarmed Combat
  4465 | D:6      | Reached XP level 8. HP: 29/78 MP: 7/7
  4577 | D:6      | Found a glowing golden altar of the Shining One.
  4616 | D:6      | Slain by an orc

Skill      XL: |  1  2  3  4  5  6  7 |
---------------+----------------------+-----
Shields        | 3 4 5 |  5.5
Unarmed Combat | 3 4 5 6 |  6.2
Fighting       | 3 4 |  4.2
Dodging        | |  2.4

Action                   |  1- 3 |  4- 6 |  7- 9 || total
-------------------------+-------+-------+-------++-------
Melee: Unarmed           |   116 |   165 |   107 ||   388
Throw: Stone             |       |       |     8 ||     8
  Use: Scroll            |       |     7 |     4 ||    11
 Stab: Sleeping          |       |     1 |     1 ||     2
  Eat: Chunk             |    15 |    15 |    18 ||    48
Armor: Robe              |    43 |    40 |    19 ||   102
Dodge: Dodged            |    44 |    47 |    38 ||   129
Block: Shield            |    67 |    59 |    56 ||   182
